 Dungeon Crawl Stone Soup version 0.31.0-4-g52a2dc7128 (webtiles) character file.

Game seed: 3799601721563820601

6052 groovy9 the Thaumaturge (level 11, 0/73 HPs)
             Began as a Djinni Hedge Wizard on Jan 21, 2024.
             Was a Priest of Hepliaklqana.
             Slain by a gnoll
             ... wielding a +0 whip
             ... led by a gnoll sergeant
              (2 damage)
             ... while petrified by a basilisk
             ... on level 10 of the Dungeon.
             The game lasted 00:53:00 (10057 turns).

groovy9 the Thaumaturge (Djinni Hedge Wizard)      Turns: 10057, Time: 00:53:00

Health: 0/73       AC:  5    Str:  9      XL:     11   Next: 11%
Gold:   230        EV:  2    Int: 18 (19) God:    Hepliaklqana [***...] SH:  0 Dex: 14

rFire   + + +        q - staff of conjuration
rCold   . . .        s - +0 buckler
rNeg    + + +        v - +2 leather armour {rF+}
rPois   ∞            (helmet restricted)
rElec   .            (no cloak)
rCorr   .            (no gloves)
SInv    .            (boots unavailable)
Will    +....        (no amulet)
Stlth   ++           d - +5 ring of evasion
HPRegen 0.32/turn    D - ring of protection from cold
MPRegen 0.00/turn

%: infuse magic (-1 HP)
@: petrified, flying
A: reduced essence, sickness immunity, fire resistance 2, cold vulnerability 1,
float, innate caster, HP casting, extra vitality 1, horns 1, deterioration 1,
wild magic 1
a: Renounce Religion, Recall Ancestor, Ancestor Identity, Transference


You were on level 10 of the Dungeon.
You worshipped Hepliaklqana.
Hepliaklqana was most pleased with you.
You visited 2 branches of the dungeon, and saw 11 of its levels.
You also visited: Bailey.

You collected 444 gold pieces.
You spent 214 gold pieces at shops.

Inventory:

Armour
 s - a +0 buckler (worn)
 v - a +2 leather armour of fire resistance (worn)
Magical Staves
 k - the staff "Xialaluc" {rPois rF+++ rC+ rCorr Dex-4 Ice}
   (You acquired it on level 6 of the Dungeon)

   [staff of cold]

   Base accuracy: +5 Base damage: 5 Base attack delay: 1.2 This weapon's minimum
   attack delay (0.6) is reached at skill level 12.
   Dex-4:     It affects your dexterity (-4).
   rF+++:     It renders you almost immune to fire.
   rC+:       It protects you from cold.
   rPois:     It protects you from poison rCorr: It protects you from acid and
   corrosion.
   Ice:       It increases the power of your Ice spells.
   It falls into the 'Staves' category.
   It is a one-handed weapon.
 q - a staff of conjuration (weapon)
Jewellery
 d - a +5 ring of evasion (left hand)
 u - a ring of positive energy
 D - a ring of protection from cold (right hand)
Wands
 h - a wand of charming (16)
 r - a wand of iceblast (5)
 y - a wand of flame (20)
 z - a wand of polymorph (3)
 B - a wand of mindburst (9)
Scrolls
 a - a scroll of teleportation
 b - a scroll of fear
 f - 4 scrolls of noise
 g - 5 scrolls of poison
 i - a scroll of fog
 j - 3 scrolls of immolation
 m - 2 scrolls of revelation
 n - 2 scrolls of enchant weapon
 w - a scroll of blinking
 x - a scroll of amnesia
 A - a scroll of brand weapon
 F - a scroll of enchant armour {unknown}
Potions
 c - a potion of haste {unknown}
 e - a potion of curing
 l - 2 potions of mutation
 o - a potion of brilliance
 p - 3 potions of attraction
 t - a potion of ambrosia
 E - a potion of enlightenment
Miscellaneous
 C - a condenser vane


   Skills:
 + Level 8.8 Fighting
 - Level 2.1 Dodging
 - Level 1.5 Stealth
 * Level 10.6 Spellcasting
 * Level 10.6 Conjurations
 * Level 10.6 Hexes
   Level 0.0 Charms
 * Level 10.6 Summonings
 * Level 10.6 Necromancy
 * Level 10.6 Translocations
   Level 0.0 Transmutations
 * Level 10.6 Fire Magic
 * Level 10.6 Ice Magic
 * Level 10.6 Air Magic
 * Level 10.6 Earth Magic
 * Level 10.6 Alchemy
 + Level 3.2 Invocations


You knew the following spells:

 Your Spells              Type           Power      Damage    Failure   Level
a - Magic Dart            Conj           100%       1d8       1%          1
b - Slow                  Hex            100%       N/A       1%          1
c - Blink                 Tloc           100%       N/A       1%          2
d - Call Imp              Summ           100%       N/A       1%          2
e - Mephitic Cloud        Conj/Alch/Air  76%        N/A       1%          3
f - Foxfire               Conj/Fire      100%       2x1d9     1%          1
g - Lesser Beckoning      Tloc           100%       N/A       1%          2
h - Sigil of Binding      Hex            58%        N/A       1%          3
i - Stone Arrow           Conj/Erth      100%       3d13      1%          3
j - Petrify               Alch/Erth      58%        N/A       3%          4
Your spell library was empty.

Dungeon Overview and Level Annotations

Branches:
Dungeon (10/15)            Temple (1/1) D:5          Bailey (visited)
   Lair: D:8-11         Orc: D:9-12

Altars:
Ashenzari
Cheibriados
Dithmenos
Elyvilon
Fedhas
Gozag
Hepliaklqana
Makhleb
Nemelex Xobeh
Okawaru
Qazlal
Ru
Trog
Wu Jian
Xom
Yredelemnul
Zin
The Shining One

Shops:
D:5 [   D:6 ?[*::

Annotations:
D:10 2 transporters, Fannar, Nergalle


Innate Abilities, Weirdness & Mutations

Your life essence is reduced to manifest your ancestor. (-10% HP)
You are immune to sickness and miasma.
You are immune to poison.
Your flesh is very heat resistant. (rF++)
You are vulnerable to cold. (rC-)
You float through the air rather than walking.
You learn spells naturally, not from books.
Your magical power is your life essence.
You have superior vitality. (+4 MHP)
You have a pair of small horns on your head.
Your body sometimes deteriorates upon taking damage.
Your spells are a little harder to cast, but a little more powerful.


Message History

Nergalle appears confused.
The spectral orc knight completely misses you.
As you read the scroll of teleportation, it crumbles to dust.
You feel strangely unstable.
You block the spectral orc warlord's attack.
The howler monkey hoots and howls with incredible vigour!
Nergalle is engulfed in noxious fumes.
Fannar is engulfed in noxious fumes.
Fannar appears confused.
The spectral orc knight closely misses you.
Nergalle is engulfed in noxious fumes.
Nergalle appears confused.
Your surroundings suddenly seem different.
A basilisk comes into view.
A steam dragon comes into view.
The basilisk hisses angrily.
The steam dragon hisses angrily.
The steam dragon breathes steam at you. The ball of steam hits you. You resist.
* * * LOW HITPOINT WARNING * * *
The basilisk gazes at you.
You are slowing down.
The steam dragon moves out of view.
You hear an angry hiss.
Okay, then.
As you read the scroll of teleportation, it crumbles to dust.
You feel strangely unstable.
Your limbs are stiffening.
The basilisk gazes at you.
Your limbs have turned to stone.
You have turned to stone.
Your surroundings suddenly seem different.
A gnoll sergeant and a gnoll come into view.
The gnoll is wielding a +0 whip and carrying a wand of iceblast.
The gnoll shouts!
The gnoll sergeant hits you with a +0 spear.
* * * LOW HITPOINT WARNING * * *
The gnoll sergeant hits you with a +0 spear.
* * * LOW HITPOINT WARNING * * *
The gnoll sergeant hits you with a +0 spear!
* * * LOW HITPOINT WARNING * * *
The gnoll sergeant hits you with a +0 spear.
* * * LOW HITPOINT WARNING * * *
The gnoll hits you with a +0 whip.
You die...

....##.#.#.......................
©#.###.#.................##....##
##.#..#.###............#.......##
##.......##.#..#.......##......##
........................#......#.
#................................
#...#....)..............###...##.
.....####.#............. ....
...........)...g@.......
.......))).....g........
....#...)...............
#..#..##.)..............
....#.#.................
..#......)..........#... .. #
................#..
...............


You could see a gnoll sergeant and a gnoll.

Vanquished Creatures
  Erolcha (D:9)
  3 kobold demonologists (D:10)
  A troll (D:10)
  Prince Ribbit (D:7)
  Grinder (D:3)
  3 wyverns
  4 orc warriors
  2 black bears (D:5)
  An ogre (D:7)
  7 kobold brigands
  2 scorpions
  2 wights (D:8)
  The ghost of dialectric the Ruffian, a weakling MiSh (D:3)
  An electric eel (D:6)
  2 lava snakes (D:9)
  4 bombardier beetles
  4 hounds
  A jelly (D:5)
  6 orc priests
  A gnoll bouda (D:10)
  A sleepcap (D:8)
  6 iguanas
  7 orc wizards
  13 gnolls
  6 adders
  A shadow imp (D:7)
  4 white imps
  4 ufetubi (D:5)
  2 ribbon worms
  5 dart slugs
  28 orcs
  8 endoplasms
  2 giant cockroaches
  17 goblins
  13 hobgoblins
  6 jackals
  4 quokkas
  4 ball pythons (D:1)
  4 bats
  4 frilled lizards
  28 kobolds
  4 rats
219 creatures vanquished.

Vanquished Creatures (collateral kills)
  A kobold demonologist (D:10)
  A black bear (D:5)
  An orc warrior (Bailey)
  An ogre (D:5)
  A gnoll sergeant (D:10)
  A scorpion (D:3)
  A wight (D:9)
  A bombardier beetle (D:5)
  3 orc wizards
  Robin (D:2)
  An adder (D:5)
  5 gnolls
  4 orcs
  An endoplasm (D:1)
  4 goblins (D:2)
  2 hobgoblins
  A jackal (D:2)
  7 kobolds
  2 ball pythons
  A rat (D:2)
40 creatures vanquished.

Vanquished Creatures (others)
  A knight (D:10)
  An ancestor (D:7)
  118 foxfires
120 creatures vanquished.

Grand Total: 379 creatures vanquished

Notes
Turn   | Place    | Note
-------+----------+-------------------------------------------
     0 | D:1      | groovy9 the Djinni Hedge Wizard began the quest for the
                  | Orb.
     0 | D:1      | groovy9 set off with the following spells memorised: Magic
                  | Dart, Slow, Blink, Call Imp, Mephitic Cloud.
     0 | D:1      | Reached XP level 1. HP: 15/15 MP: 0/0
   153 | D:1      | Reached XP level 2. HP: 19/22 MP: 0/0
   414 | D:1      | Reached skill level 1 in Fighting
   517 | D:1      | Reached XP level 3. HP: 25/27 MP: 0/0
   517 | D:1      | Learned a level 1 spell: Foxfire
  1214 | D:2      | Reached XP level 4. HP: 19/32 MP: 0/0
  1372 | D:2      | Reached XP level 5. HP: 23/38 MP: 0/0
  1372 | D:2      | Learned a level 2 spell: Lesser Beckoning
  1816 | D:2      | Noticed Robin
  1884 | D:2      | Killed Robin
  2300 | D:3      | Noticed dialectric's ghost (weakling MiSh)
  2301 | D:3      | Found a runed translucent door.
  2520 | D:3      | Noticed Grinder
  2533 | D:3      | Killed Grinder
  2534 | D:3      | Reached skill level 5 in Spellcasting
  2534 | D:3      | Reached skill level 5 in Conjurations
  2534 | D:3      | Reached skill level 5 in Hexes
  2534 | D:3      | Reached skill level 5 in Summonings
  2534 | D:3      | Reached skill level 5 in Necromancy
  2534 | D:3      | Reached skill level 5 in Translocations
  2534 | D:3      | Reached skill level 5 in Fire Magic
  2534 | D:3      | Reached skill level 5 in Ice Magic
  2534 | D:3      | Reached skill level 5 in Air Magic
  2534 | D:3      | Reached skill level 5 in Earth Magic
  2534 | D:3      | Reached skill level 5 in Alchemy
  2534 | D:3      | Reached XP level 6. HP: 40/46 MP: 0/0
  2814 | D:3      | Reached XP level 7. HP: 49/50 MP: 0/0
  2814 | D:3      | Learned a level 3 spell: Sigil of Binding
  2834 | D:3      | Found a glowing silver altar of Zin.
  3031 | D:3      | Found a hazy altar of Hepliaklqana.
  3370 | D:3      | Killed dialectric's ghost
  4108 | D:4      | Gained mutation: You are partially covered in large bone
                  | plates. (SH +4) [potion of mutation]
  4108 | D:4      | Gained mutation: Your spells are a little harder to cast,
                  | but a little more powerful. [potion of mutation]
  4108 | D:4      | Gained mutation: Armour fits poorly on your strangely
                  | shaped body. [potion of mutation]
  4109 | D:4      | Lost mutation: You are partially covered in large bone
                  | plates. (SH +4) [potion of mutation]
  4109 | D:4      | Lost mutation: Armour fits poorly on your strangely shaped
                  | body. [potion of mutation]
  4109 | D:4      | Gained mutation: Your body sometimes deteriorates upon
                  | taking damage. [potion of mutation]
  4109 | D:4      | Gained mutation: You occasionally lose the ability to drink
                  | potions when taking damage. [potion of mutation]
  4109 | D:4      | Lost mutation: You occasionally lose the ability to drink
                  | potions when taking damage. [potion of mutation]
  4109 | D:4      | Gained mutation: You have a pair of small horns on your
                  | head. [potion of mutation]
  4690 | D:3      | Became a worshipper of Hepliaklqana the Forgotten
  4726 | D:5      | Entered Level 5 of the Dungeon
  4905 | D:5      | Found Borghotu's Armour Emporium.
  4929 | D:5      | Reached XP level 8. HP: 47/58 MP: 0/0
  5119 | D:5      | Found a staircase to the Ecumenical Temple.
  5185 | D:5      | Reached skill level 5 in Fighting
  5440 | Temple   | Entered the Ecumenical Temple
  5739 | D:6      | Reached XP level 9. HP: 64/65 MP: 0/0
  5739 | D:6      | Learned a level 3 spell: Stone Arrow
  5753 | D:6      | Found an ornate altar of the Wu Jian Council.
  5756 | D:6      | Found a bloodstained altar of Trog.
  5761 | D:6      | Reached * piety under Hepliaklqana
  5862 | D:6      | Found Laqoc's Book Shop.
  5885 | D:6      | Found Fots's Assorted Antiques.
  5889 | D:6      | Bought a scroll labelled AREIHA MAOFOAG for 31 gold pieces
  5889 | D:6      | Bought a scroll labelled QOUPON GOT COQ for 31 gold pieces
  5889 | D:6      | Bought a scroll labelled AREIHA MAOFOAG for 31 gold pieces
  5913 | D:6      | Identified a scroll of acquirement
  5913 | D:6      | Acquired the staff "Xialaluc" {rPois rF+++ rC+ rCorr Dex-4
                  | Ice}
  5921 | D:6      | Found Raefingi's Book Shoppe.
  6139 | D:6      | Found Cuypolot's Armour Emporium.
  6234 | D:6      | Found Omeoduth's Magic Scroll Emporium.
  6237 | D:6      | Bought a scroll of teleportation for 33 gold pieces
  6237 | D:6      | Bought a scroll of fear for 44 gold pieces
  6237 | D:6      | Bought a scroll of fog for 44 gold pieces
  6626 | D:7      | Noticed Prince Ribbit
  6629 | D:7      | Killed Prince Ribbit
  7225 | D:8      | Reached ** piety under Hepliaklqana
  7226 | D:8      | Remembered your ancestor Mettia as a knight
  7396 | D:8      | Found an iron altar of Okawaru.
  7925 | D:8      | Found a sparkling altar of Nemelex Xobeh.
  8308 | D:9      | Noticed Erolcha
  8342 | D:9      | Killed Erolcha
  8343 | D:9      | Reached XP level 10. HP: 28/67 MP: 0/0
  8629 | D:9      | Reached *** piety under Hepliaklqana
  8635 | D:9      | Found a flagged portal.
  8669 | Bailey   | Entered a bailey
  8725 | Bailey   | Identified the +5 scale mail of Jun Luh {Harm rF+}
  8884 | Bailey   | Reached skill level 10 in Spellcasting
  8884 | Bailey   | Reached skill level 10 in Conjurations
  8884 | Bailey   | Reached skill level 10 in Hexes
  8884 | Bailey   | Reached skill level 10 in Summonings
  8884 | Bailey   | Reached skill level 10 in Necromancy
  8884 | Bailey   | Reached skill level 10 in Translocations
  8884 | Bailey   | Reached skill level 10 in Fire Magic
  8884 | Bailey   | Reached skill level 10 in Ice Magic
  8884 | Bailey   | Reached skill level 10 in Air Magic
  8884 | Bailey   | Reached skill level 10 in Earth Magic
  8884 | Bailey   | Reached skill level 10 in Alchemy
  9003 | Bailey   | Found an iron altar of Okawaru.
  9084 | D:9      | Reached skill level 1 in Invocations
  9534 | D:10     | Entered Level 10 of the Dungeon
  9661 | D:10     | Found a transporter.
  9666 | D:10     | Found a transporter.
  9690 | D:10     | Noticed a kobold demonologist
  9692 | D:10     | Noticed a kobold demonologist
  9693 | D:10     | Noticed an orange demon
  9693 | D:10     | Noticed a kobold demonologist
  9698 | D:10     | Noticed a kobold demonologist
  9706 | D:10     | Killed a kobold demonologist
  9736 | D:10     | Killed a kobold demonologist
  9742 | D:10     | Killed a kobold demonologist
  9743 | D:10     | Reached XP level 11. HP: 42/73 MP: 0/0
  9743 | D:10     | Learned a level 4 spell: Petrify
 10033 | D:10     | Noticed Nergalle
 10035 | D:10     | Noticed a spectral orc warlord
 10042 | D:10     | Noticed Fannar
 10043 | D:10     | HP: 3/73 [spectral orc knight/+0 glaive[Nergalle] (17)]
 10055 | D:10     | HP: 3/73 [gnoll sergeant/+0 spear (5)]
 10057 | D:10     | Slain by a gnoll

Illustrated notes

Levels and vault maps discovered:
D:1:      sevenhm_arrival_forest_fort_small_4, layout_loops_corners
D:2:      layout_loops_ring, kennysheep_cluttered_room, palyth_stone_intersect,
          uniq_robin
D:3:      layout_loops_corners, nicolae_overflow_hidden_temple, zin_academy,
          hellmonk_ghost_happy_afterlife, uniq_grinder
D:4:      layout_loops_ring, serial_park_tiny_2, grunt_ministairs_9,
          kennysheep_potato
D:5:      layout_rooms, minmay_temple_entry_ruins, serial_glass,
          glass_columns_b, glass_columns_a, serial_shops,
          nicolae_shop_advertising_works [nicolae_subvault_shop_adworks],
          st_stairs_9, kennysheep_small_square
D:6:      layout_basic, nicolae_overflow_squiral, serial_shops, shop, shop,
          shop, nicolae_shop_back_alley_shop, nicolae_shop_rolled_up
D:7:      layout_basic, uniq_prince_ribbit1
D:8:      layout_basic, nemelex_diamond_rough_becter, okawaru_gym_becter
D:9:      layout_big_octagon, enter_bailey_5, minmay_misc_feat_more_columns,
          uniq_erolcha
D:10:     layout_layer_cave, mainiacjoe_overflow_six_doors_small,
          erik_lair_dragon, serial_nicolae_subway, nicolae_sub_station_crystal,
          nicolae_sub_station_stone, nicolae_sub_station_metal, uniq_fannar,
          uniq_nergalle
Temple:   hellmonk_temple_two_chambers

Skill      XL: |  1  2  3  4  5  6  7  8  9 10 11 |
---------------+----------------------------------+-----
Fighting       | 1 2 3 4 5 7 8 |  8.8
Spellcasting   | 4 5 6 7 9 10 | 10.6
Conjurations   | 4 5 6 7 9 10 | 10.6
Hexes          | 4 5 6 7 9 10 | 10.6
Summonings     | 4 5 6 7 9 10 | 10.6
Necromancy     | 4 5 6 7 9 10 | 10.6
Translocations | 4 5 6 7 9 10 | 10.6
Fire Magic     | 4 5 6 7 9 10 | 10.6
Ice Magic      | 4 5 6 7 9 10 | 10.6
Air Magic      | 4 5 6 7 9 10 | 10.6
Earth Magic    | 4 5 6 7 9 10 | 10.6
Alchemy        | 4 5 6 7 9 10 | 10.6
Invocations    | 2 3 |  3.2
Dodging        | |  2.1
Stealth        | |  1.5

Action                     |  1- 3 |  4- 6 |  7- 9 | 10-12 || total
---------------------------+-------+-------+-------+-------++-------
  Melee: Dagger            |       |       |     1 |       ||     1
         Staff             |       |       |       |     4 ||     4
   Cast: Magic Dart        |    64 |    77 |    82 |       ||   223
         Foxfire           |     8 |    13 |    51 |       ||    72
         Call Imp          |     3 |     6 |    15 |       ||    24
         Mephitic Cloud    |     2 |     8 |    18 |    14 ||    42
         Blink             |     1 |       |       |       ||     1
         Slow              |       |     1 |     1 |       ||     2
         Sigil of Binding  |       |       |     2 |       ||     2
         Stone Arrow       |       |       |    61 |    89 ||   150
 Invoke: Ancestor Life: Kn |       |       |     1 |       ||     1
    Use: Scroll            |       |       |    15 |     4 ||    19
         Potion            |       |       |     2 |     3 ||     5
 Armour: Robe              |     5 |    10 |    32 |       ||    47
         Leather armour    |       |       |    10 |    29 ||    39
  Dodge: Dodged            |    12 |     9 |    55 |    62 ||   138
  Block: Buckler           |       |     1 |    10 |    10 ||    21
